 Dungeon Crawl Stone Soup version 0.28-a0-94-g325244837d (webtiles) character file.

Game seed: 4625990061990383032

90 pokeman the Magician (level 4, -1/25 HPs)
             Began as a Deep Elf Hedge Wizard on Aug 7, 2021.
             Slain by an ogre (21 damage)
             ... on level 3 of the Dungeon.
             The game lasted 00:06:26 (3021 turns).

pokeman the Magician (Deep Elf Hedge Wizard)        Turns: 3021, Time: 00:06:27

Health: -1/25      AC:  3    Str:  7    XL:     4   Next: 32%
Magic:  2/13       EV: 12    Int: 20    God:
Gold:   122        SH:  0    Dex: 14    Spells: 3/14 levels left

rFire   + . .      SeeInvis .   a - +1 short sword (elec)
rCold   x . .      Faith    .   (no shield)
rNeg    . . .      Spirit   .   l - +0 leather armour
rPois   .          Reflect  .   c - +0 hat
rElec   .          Harm     .   (no cloak)
rCorr   .          Rampage  .   (no gloves)
Will    .....                   (no boots)
Stlth   ++........              (no amulet)
HPRegen 0.08/turn               g - ring of fire
MPRegen 0.13/turn               (no ring)

@: no status effects
A: no striking features
a: no special abilities


You were on level 3 of the Dungeon.
You visited 1 branch of the dungeon, and saw 3 of its levels.

You collected 122 gold pieces.

Inventory:

Hand Weapons
 a - a +1 short sword of electrocution (weapon)
Armour
 c - a +0 hat (worn)
 l - a +0 leather armour (worn)
Jewellery
 g - a ring of fire (left hand)
Wands
 b - a wand of flame (17)
Scrolls
 e - a scroll of fog {unknown}
 i - a scroll of enchant weapon {unknown}
 j - 3 scrolls of identify {unknown}
 m - a scroll of teleportation {unknown}
Potions
 d - a potion of might {unknown}
 f - a potion of cancellation {unknown}
 h - 2 potions of curing {unknown}
 k - a potion of flight {unknown}
 n - a potion of heal wounds {unknown}


   Skills:
 - Level 1.0 Fighting
 - Level 1.0 Armour
 + Level 2.6 Dodging
 - Level 2.4 Stealth
 * Level 5.6 Spellcasting
 + Level 2.2 Conjurations
 - Level 1.1 Summonings
 - Level 1.1 Translocations
 + Level 0.6 Fire Magic


You had 3 spell levels left.
You knew the following spells:

 Your Spells              Type           Power      Damage    Failure   Level
a - Magic Dart            Conj           56%        1d5       6%          1
b - Mephitic Cloud        Conj/Pois/Air  8%         N/A       34%         3
c - Call Imp              Summ           10%        N/A       16%         2
d - Blink                 Tloc           N/A        N/A       16%         2
e - Conjure Flame         Conj/Fire      17%        6-21      26%         3

Your spell library contained the following spells:

 Spells                   Type           Power      Damage    Failure   Level
 Slow                     Hex            5%         N/A       24%         2


Dungeon Overview and Level Annotations

Branches:
Dungeon (3/15)

Altars:
Nemelex Xobeh


Message History

Unknown command.
Casting: Mephitic Cloud (extremely dangerous; 34% risk of failure)
Confirm with . or Enter, or press ? or * to list all spells.
The spell is extremely dangerous to cast (34% risk of failure)!
Continue anyway?
Aiming: Mephitic Cloud (extremely dangerous; 34% risk of failure)
Press: ? - help, Shift-Dir - straight line, f/p - ogre
Aim: an ogre, wielding a +0 giant spiked club (chance to affect: 77%)
You miscast Mephitic Cloud.
Nothing appears to happen.
Unknown command.
There is a fountain of sparkling water here.
Your magical contamination has completely faded away.
Casting: Mephitic Cloud (extremely dangerous; 34% risk of failure)
Confirm with . or Enter, or press ? or * to list all spells.
The spell is extremely dangerous to cast (34% risk of failure)!
Continue anyway?
Aiming: Mephitic Cloud (extremely dangerous; 34% risk of failure)
Press: ? - help, Shift-Dir - straight line, f/p - ogre
Aim: an ogre, wielding a +0 giant spiked club (chance to affect: 77%)
You miscast Mephitic Cloud.
You are very lightly contaminated with residual magic.
Sparks of electricity dance around you!
Unknown command.
Casting: Mephitic Cloud (extremely dangerous; 34% risk of failure)
Confirm with . or Enter, or press ? or * to list all spells.
You blink.
Your magical contamination has completely faded away.
There is a stone staircase leading up here.
Casting: Blink (safe; 16% risk of failure)
Confirm with . or Enter, or press ? or * to list all spells.
The spell is extremely dangerous to cast (34% risk of failure)!
Continue anyway?
Aiming: Mephitic Cloud (extremely dangerous; 34% risk of failure)
Press: ? - help, Shift-Dir - straight line, f/p - ogre
Aim: an ogre, wielding a +0 giant spiked club (chance to affect: 77%)
You miscast Mephitic Cloud.
You are very lightly contaminated with residual magic.
Nothing appears to happen.
Unknown command.
Your magical contamination has completely faded away.
The ogre hits you with a +0 giant spiked club!!
Ouch! That really hurt!
You die...

.........<......#
................#
#....#..........#
#....#..........#
#....#..........#
#[...#..........#
#....#..........##
#....##........O.#
#....##......###@#
#....##......# #.#
############## #.#
#.# #.# #.. ###


You could see an ogre.

Vanquished Creatures
  Terence (D:2)
  An adder (D:2)
  2 worms
  2 dart slugs
  3 ball pythons (D:1)
  6 bats
  4 endoplasms (D:1)
  A giant cockroach (D:3)
  5 goblins
  7 hobgoblins
  4 quokkas
  2 frilled lizards (D:2)
  4 kobolds
  2 rats
44 creatures vanquished.

Notes
Turn   | Place    | Note
-------+----------+-------------------------------------------
     0 | D:1      | pokeman the Deep Elf Hedge Wizard began the quest for the
                  | Orb.
     0 | D:1      | Reached XP level 1. HP: 10/10 MP: 7/7
   412 | D:1      | Reached XP level 2. HP: 16/16 MP: 6/9
   800 | D:1      | Found a faded altar of an unknown god.
  1273 | D:1      | Reached skill level 5 in Spellcasting
  1790 | D:2      | Reached XP level 3. HP: 20/20 MP: 7/11
  1794 | D:2      | Learned a level 3 spell: Mephitic Cloud
  1797 | D:2      | Learned a level 2 spell: Call Imp
  1800 | D:2      | Learned a level 2 spell: Blink
  1804 | D:2      | Learned a level 3 spell: Conjure Flame
  1907 | D:2      | Noticed Terence
  1920 | D:2      | Killed Terence
  1921 | D:2      | Reached skill level 1 in Fighting
  1921 | D:2      | Reached skill level 1 in Armour
  2229 | D:2      | Reached XP level 4. HP: 25/25 MP: 6/13
  2612 | D:3      | Found a sparkling altar of Nemelex Xobeh.
  2615 | D:3      | Noticed an ogre
  3021 | D:3      | Slain by an ogre

Illustrated notes

Levels and vault maps discovered:
D:1:      sevenhm_arrival_forest_fort_large_2, layout_loops_corners,
          hellmonk_ecumenical_altar_blasted, minmay_liquid_box,
          serial_bayou_lake_a
D:2:      layout_rooms, uniq_terence
D:3:      layout_basic, nemelex_xobeh_ov_fountains_minmay,
          kennysheep_generic_room_13

Skill      XL: |  1  2  3 |
---------------+----------+-----
Spellcasting   | 5 |  5.6
Fighting       | 1 |  1.0
Armour         | 1 |  1.0
Conjurations   | 2 |  2.2
Dodging        | |  2.6
Stealth        | |  2.4
Summonings     | |  1.1
Translocations | |  1.1
Fire Magic     | |  0.6

Action                   |  1- 3 |  4- 6 || total
-------------------------+-------+-------++-------
Melee: Dagger            |     1 |       ||     1
       Mace              |     1 |       ||     1
 Cast: Magic Dart        |   103 |    32 ||   135
       Conjure Flame     |     1 |     2 ||     3
       Mephitic Cloud    |     1 |     1 ||     2
       Blink             |       |     1 ||     1
Armor: Robe              |     2 |       ||     2
       Leather armour    |     1 |     2 ||     3
Dodge: Dodged            |    10 |     7 ||    17

Table legend: (Time is in decaauts)
 A = Elapsed time spent in this place.
 B = Non-inter-level travel time spent in this place.
 C = Inter-level travel time spent in this place.
 D = Time resting spent in this place.
 E = Time spent auto-exploring this place.
 F = Levels seen in this place.
 G = Mean time per level.
                   A        B        C        D        E       F      G
               +--------+--------+--------+--------+--------+-----+--------+
         Total |   3052 |   3007 |     45 |     27 |   2577 |   3 | 1017.3 |
       Dungeon |   3052 |   3007 |     45 |     27 |   2577 |   3 | 1017.3 |
               +--------+--------+--------+--------+--------+-----+--------+

Top non-repeatable levels by time:
     D:1: 1694 daAuts
     D:2: 803 daAuts
     D:3: 554 daAuts
